 Dungeon Sprint DCSS version 0.27-a0-1188-g73eefd5def (webtiles) character file.

Game seed: 14368281194453492798

16618 mhtbhm the Sorcerer (level 12, -7/62 HPs)
             Began as a Deep Elf Earth Elementalist on May 20, 2021.
             Was the Champion of Vehumet.
             Mangled by a ghost moth (9 damage)
             ... in the Dungeon (Sprint VII: "The Pits").
             The game lasted 00:10:02 (3137 turns).

mhtbhm the Sorcerer (Deep Elf Earth Elementalist)   Turns: 3137, Time: 00:10:03

Health: -7/62      AC: 10    Str:  5      XL:     12   Next: 11%
Magic:  0/42       EV: 18    Int: 25 (26) God:    Vehumet [******]
Gold:   59         SH:  0    Dex: 14 (15) Spells: 29/60 levels left

rFire    . . .     SeeInvis .   f - +4 quarterstaff (speed)
rCold    . . .     Faith    .   (shield currently unavailable)
rNeg     . . .     Spirit   .   b - +2 robe {Will+}
rPois    .         Reflect  .   r - +2 hat {Will+}
rElec    .         Harm     .   p - +0 cloak
rCorr    .         Rampage  .   (no gloves)
Will     +++..     NoTele   +   (no boots)
Stlth    +++.......             (no amulet)
HPRegen  0.20/turn              l - +3 ring of protection
MPRegen  0.28/turn              m - +3 ring of evasion

@: no status effects
A: no striking features
a: Renounce Religion


You were in the Dungeon.
You worshipped Vehumet.
Vehumet was exalted by your worship.
You visited 1 branch You collected 59 gold pieces.

Inventory:

Hand Weapons
 f - a +4 quarterstaff of speed (weapon)
Missiles
 x - 28 stones
Armour
 b - a +2 robe of willpower (worn)
 p - a +0 cloak (worn)
 r - a +2 hat of willpower (worn)
Magical Staves
 B - a staff of fire
Jewellery
 l - a +3 ring of protection (left hand)
 m - a +3 ring of evasion (right hand)
 y - a ring of see invisible
 A - a ring of protection from fire
Wands
 q - a wand of paralysis (13)
 z - a wand of polymorph (5)
Scrolls
 c - 2 scrolls of fog
 e - 3 scrolls of fear
 i - 2 scrolls of blinking
 j - 5 scrolls of amnesia
 k - a scroll of summoning
 t - 3 scrolls of identify
 v - 2 scrolls of enchant armour
Potions
 a - 2 potions of invisibility
 d - 10 potions of curing
 g - 5 potions of magic
 h - 4 potions of berserk rage
 n - 3 potions of might
 o - 2 potions of brilliance
 s - 2 potions of haste
 u - 2 potions of heal wounds
 w - 3 potions of mutation


   Skills:
 + Level 1.6 Fighting
 + Level 1.5 Staves
 + Level 6.6 Dodging
 + Level 6.0 Stealth
 + Level 24.9 Spellcasting
 + Level 2.3 Conjurations
 + Level 1.1 Transmutations
 + Level 21.1 Earth Magic


You had 29 spell levels left.
You knew the following spells:

 Your Spells              Type           Power      Damage    Failure   Level
a - Sandblast             Erth           100%       2d20      0%          1
b - Shock                 Conj/Air       100%       1d9       1%          1
c - Stone Arrow           Conj/Erth      100%       3d13      1%          3
d - Lee's Rapid Deconstr  Erth           47%        3d24*     0%          5
e - Petrify               Tmut/Erth      72%        N/A       1%          4
f - Bolt of Magma         Conj/Fire/Erth 31%        4d14      1%          5
g - Fireball              Conj/Fire      18%        3d9       5%          5
h - Orb of Destruction    Conj           21%        9d9       63%         7

Your spell library contained the following spells:

 Spells                   Type           Power      Damage    Failure   Level
 Passwall                 Tmut/Erth      60%        N/A       0%          2


Dungeon Overview and Level Annotations

Branches:
Dungeon (1/1)

Altars:
Ashenzari
Cheibriados
Dithmenos
Elyvilon
Fedhas
Gozag
Hepliaklqana
Kikubaaqudgha
Makhleb
Nemelex Xobeh
Okawaru
Qazlal
Ru
Sif Muna
Trog
Uskayaw
Vehumet
Wu Jian
Xom
Yredelemnul
Zin
The Shining One
Beogh
Jiyva
Lugonu


Message History

A metal wall.
The metal wall shatters!
The blast of metal fragments hits the storm dragon!!
The storm dragon is heavily wounded.
The blast of metal fragments hits something!!
The blast of metal fragments hits the earth elemental!!
The earth elemental is almost destroyed.
You feel you are being watched by something.
You feel your power leaking away. Something hits you!
* * * LOW HITPOINT WARNING * * *
Deactivating autopickup; reactivate with Ctrl-A.
Something hits you but does no damage.
Something stings you but does no damage.
A vampire knight comes into view. It is wielding a +1 battleaxe.
Unknown command.
Unknown command.
Casting: Lee's Rapid Deconstruction (safe; 0% risk of failure)
Confirm with . or Enter, or press ? or * to list all spells.
Aiming: Lee's Rapid Deconstruction (safe; 0% risk of failure)
Press: ? - help, Dir - move target A metal wall.
The metal wall shatters!
The blast of metal fragments hits something.
The blast of metal fragments hits something!!!
The blast of metal fragments hits the vampire knight!!!
The vampire knight is heavily damaged.
You feel you are being watched by something.
You feel your power leaking away.
Something hits you but does no damage. x2; Something closely misses you.
You feel you are being watched by something.
You feel your power leaking away. Something hits you.
* * * LOW HITPOINT WARNING * * *
You feel dopey. Something hits you!
* * * LOW HITPOINT WARNING * * *
You feel clumsy. Something stings you!
You die...

#..#....#..#
+..........#
+..........#
#..#....#..#
#..........+
#..........+
###''####''#
###''####''##########
#...@..##............
#.#{##.##............
#.#{ .##..##########
# +D ##..# #| #..#
++########## +Y #..#
.......##..# ## #..#
#......##..# #..#
.......''..# #..#


You could see a storm dragon (catching breath) and a death yak.

Vanquished Creatures
  Gastronok (D)
  Erolcha (D)
  2 two-headed ogres (D)
  A death yak (D)
  A sun demon (D)
  A fire crab (D)
  A sixfirhy (D)
  2 sea snakes (D)
  A shadow wraith (D)
  A spriggan druid (D)
  A bog body (D)
  2 flayed ghosts (D)
  A phantasmal warrior (D)
  A deep elf zephyrmancer (D)
  A cyclops (D)
  An elephant (D)
  Joseph (D)
  A guardian serpent (D)
  Maurice (D)
  2 molten gargoyles (D)
  A komodo dragon (D)
  2 efreet (D)
  A hellwing (D)
  A tyrant leech (D)
  2 polar bears (D)
  2 flying skulls (D)
  A vampire (D)
  2 tarantellas (D)
  2 fire bats (D)
  A steam dragon (D)
  A warg (D)
  An acid dragon (D)
  An orc warrior (D)
  A sky beast (D)
  2 ice beasts (D)
  A necrophage (D)
  2 centaurs (D)
  A scorpion (D)
  3 orc priests (D)
  2 gnoll shamans (D)
  An iron imp (D)
  Jessica (D)
  An orc wizard (D)
  9 gnolls (D)
  An adder (D)
  A river rat (D)
  An ufetubus (D)
  An adder zombie (D)
  9 orcs (D)
  A bat zombie (D)
  A goblin (D)
  7 jackals (D)
  A kobold (D)
  A ball python skeleton (D)
  3 bats (D)
  A jackal skeleton (D)
94 creatures vanquished.

Notes
Turn   | Place    | Note
-------+----------+-------------------------------------------
     0 | D        | mhtbhm the Deep Elf Earth Elementalist began the quest for
                  | the Orb.
     0 | D        | Reached XP level 1. HP: 10/10 MP: 6/6
    22 | D        | Found a bloodstained altar of Trog.
    22 | D        | Found a shimmering blue altar of Sif Muna.
    22 | D        | Found a viscous altar of Jiyva.
    22 | D        | Found a hazy altar of Hepliaklqana.
    22 | D        | Found an opulent altar of Gozag.
    23 | D        | Found a glowing golden altar of the Shining One.
    23 | D        | Found a glowing silver altar of Zin.
    23 | D        | Found a basalt altar of Yredelemnul.
    23 | D        | Found a shimmering altar of Xom.
    23 | D        | Found an ornate altar of the Wu Jian Council.
    23 | D        | Found a sacrificial altar of Ru.
    23 | D        | Found a stormy altar of Qazlal.
    23 | D        | Found an iron altar of Okawaru.
    23 | D        | Found a sparkling altar of Nemelex Xobeh.
    23 | D        | Found a burning altar of Makhleb.
    23 | D        | Found a blossoming altar of Fedhas.
    23 | D        | Found a white marble altar of Elyvilon.
    23 | D        | Found a shadowy altar of Dithmenos.
    23 | D        | Found a snail-covered altar of Cheibriados.
    25 | D        | Found a radiant altar of Vehumet.
    25 | D        | Found a corrupted altar of Lugonu.
    26 | D        | Found a hide-covered altar of Uskayaw.
    26 | D        | Found an ancient bone altar of Kikubaaqudgha.
    26 | D        | Found a broken altar of Ashenzari.
    33 | D        | Became a worshipper of Vehumet
    86 | D        | Reached * piety under Vehumet
    86 | D        | Offered knowledge of Shock by Vehumet.
   109 | D        | Reached skill level 5 in Earth Magic
   130 | D        | Reached ** piety under Vehumet
   131 | D        | Reached XP level 2. HP: 15/15 MP: 5/8
   169 | D        | Learned a level 1 spell: Shock
   171 | D        | Noticed a scorpion
   193 | D        | Offered knowledge of Poisonous Vapours by Vehumet.
   194 | D        | Reached skill level 4 in Spellcasting
   220 | D        | Killed a scorpion
   221 | D        | Reached skill level 6 in Spellcasting
   221 | D        | Reached XP level 3. HP: 14/19 MP: 1/13
   221 | D        | Reached XP level 4. HP: 18/24 MP: 1/14
   225 | D        | Learned a level 3 spell: Stone Arrow
   415 | D        | Noticed a necrophage
   416 | D        | Noticed Jessica
   419 | D        | Noticed an ice beast
   423 | D        | Killed a necrophage
   423 | D        | Reached *** piety under Vehumet
   423 | D        | Offered knowledge of Conjure Flame by Vehumet.
   424 | D        | Reached skill level 8 in Spellcasting
   424 | D        | Reached XP level 5. HP: 21/28 MP: 12/18
   428 | D        | Killed an ice beast
   429 | D        | Reached skill level 10 in Spellcasting
   432 | D        | Reached **** piety under Vehumet
   433 | D        | Reached skill level 10 in Earth Magic
   433 | D        | Reached XP level 6. HP: 20/32 MP: 10/21
   450 | D        | Killed Jessica
   451 | D        | Reached skill level 11 in Spellcasting
   524 | D        | Learned a level 5 spell: Lee's Rapid Deconstruction
   529 | D        | Learned a level 4 spell: Petrify
   544 | D        | Reached ***** piety under Vehumet
   607 | D        | Offered knowledge of Olgreb's Toxic Radiance by Vehumet.
   608 | D        | Reached skill level 12 in Spellcasting
   765 | D        | Reached skill level 5 in Dodging
   795 | D        | Noticed a sky beast
   797 | D        | Killed a sky beast
   798 | D        | Reached skill level 13 in Spellcasting
   798 | D        | Reached XP level 7. HP: 37/37 MP: 15/25
   945 | D        | Noticed a fire bat
   945 | D        | Noticed a flayed ghost
   949 | D        | Offered knowledge of Hailstorm by Vehumet.
   950 | D        | Killed a flayed ghost
   950 | D        | Reached ****** piety under Vehumet
   951 | D        | Reached skill level 15 in Spellcasting
   951 | D        | Reached XP level 8. HP: 42/42 MP: 25/29
  1111 | D        | Noticed a deep elf zephyrmancer
  1111 | D        | Noticed a flying skull
  1116 | D        | Killed a flying skull
  1116 | D        | Offered knowledge of Iskenderun's Mystic Blast by Vehumet.
  1117 | D        | Reached skill level 16 in Spellcasting
  1119 | D        | Killed a deep elf zephyrmancer
  1120 | D        | Reached skill level 1 in Fighting
  1120 | D        | Reached skill level 17 in Spellcasting
  1180 | D        | Noticed a death yak
  1186 | D        | Killed a death yak
  1187 | D        | Reached skill level 18 in Spellcasting
  1187 | D        | Reached XP level 9. HP: 47/47 MP: 6/33
  1321 | D        | Noticed a polar bear
  1321 | D        | Noticed Maurice
  1323 | D        | Killed Maurice
  1324 | D        | Reached skill level 15 in Earth Magic
  1326 | D        | Killed a polar bear
  1415 | D        | Noticed Gastronok
  1416 | D        | Offered knowledge of Bolt of Magma by Vehumet.
  1425 | D        | Killed Gastronok
  1426 | D        | Reached skill level 20 in Spellcasting
  1426 | D        | Reached XP level 10. HP: 52/52 MP: 2/36
  1564 | D        | Noticed a molten gargoyle
  1572 | D        | Learned a level 5 spell: Bolt of Magma
  1576 | D        | Killed a molten gargoyle
  1698 | D        | Killed a shadow wraith
  1835 | D        | Noticed a guardian serpent
  1837 | D        | Killed a guardian serpent
  1837 | D        | Noticed a sea snake
  1838 | D        | Reached skill level 21 in Spellcasting
  1842 | D        | Killed a sea snake
  1842 | D        | Noticed a sun demon
  1844 | D        | Killed a sun demon
  1844 | D        | Offered knowledge of Fireball by Vehumet.
  1850 | D        | Noticed a flayed ghost
  1853 | D        | Noticed a phantasmal warrior
  1855 | D        | Killed a flayed ghost
  1856 | D        | Reached skill level 22 in Spellcasting
  1856 | D        | Reached XP level 11. HP: 48/56 MP: 24/39
  1862 | D        | Killed a phantasmal warrior
  1863 | D        | Reached skill level 1 in Conjurations
  2066 | D        | Learned a level 5 spell: Fireball
  2066 | D        | Noticed a bog body
  2069 | D        | Offered knowledge of Conjure Ball Lightning by Vehumet.
  2070 | D        | Killed a bog body
  2074 | D        | Noticed Joseph
  2078 | D        | Noticed a sea snake
  2078 | D        | Noticed Erolcha
  2079 | D        | Killed Joseph
  2080 | D        | Reached skill level 23 in Spellcasting
  2082 | D        | Killed a sea snake
  2083 | D        | Killed Erolcha
  2539 | D        | Noticed a spriggan druid
  2549 | D        | Killed a spriggan druid
  2550 | D        | Reached skill level 5 in Stealth
  2824 | D        | Offered knowledge of Irradiate by Vehumet.
  2825 | D        | Reached skill level 24 in Spellcasting
  2950 | D        | Noticed a sixfirhy
  2952 | D        | Killed a sixfirhy
  2953 | D        | Reached skill level 1 in Staves
  2984 | D        | Noticed a two-headed ogre
  2985 | D        | Noticed a two-headed ogre
  2987 | D        | Killed a two-headed ogre
  2987 | D        | Offered knowledge of Orb of Destruction by Vehumet.
  2987 | D        | Killed a two-headed ogre
  2988 | D        | Reached XP level 12. HP: 62/62 MP: 38/42
  3083 | D        | Learned a level 7 spell: Orb of Destruction
  3134 | D        | Noticed a storm dragon
  3136 | D        | Noticed a vampire knight
  3137 | D        | HP: 2/62 [something (10)]
  3137 | D        | Mangled by a ghost moth

Illustrated notes

Levels and vault maps discovered:
D:        pitsprint [storerooms_1, entrance_room_1, metal_vault_6, armoury_1,
          mini_pit_1, grid_room_1, main_hall_1, silver_pit, the_coven_2,
          the_vestibule_1, steel_vault_1, golden_pit, hallway_of_sentries,
          crystal_vault_2, iron_vault_3, final_vault]

Skill      XL: |  1  2  3  4  5  6  7  8  9 10 11 12 |
---------------+-------------------------------------+-----
Earth Magic    | 5 7 8 10 11 12 14 16 18 20 21 | 21.1
Spellcasting   | 6 8 10 13 15 18 20 22 24 | 24.9
Dodging        | 3 4 5 6 |  6.6
Stealth        | 3 4 6 |  6.0
Fighting       | 1 |  1.6
Conjurations   | 2 |  2.3
Staves         | 1 |  1.5
Transmutations | |  1.1

Action                   |  1- 3 |  4- 6 |  7- 9 | 10-12 || total
-------------------------+-------+-------+-------+-------++-------
Melee: Quarterstaff      |       |       |     1 |     3 ||     4
 Cast: Sandblast         |    18 |    17 |     3 |     2 ||    40
       Shock             |     1 |       |       |       ||     1
       Lee's Rapid Decon |       |     7 |    20 |    58 ||    85
       Stone Arrow       |       |       |     1 |     6 ||     7
  Use: Potion            |     1 |       |     3 |     7 ||    11
 Stab: Sleeping          |       |       |       |     1 ||     1
Armor: Robe              |     3 |     1 |     2 |     7 ||    13
Dodge: Dodged            |     3 |     1 |     7 |    21 ||    32

Table legend: (Time is in decaauts)
 A = Elapsed time spent in this place.
 B = Non-inter-level travel time spent in this place.
 C = Inter-level travel time spent in this place.
 D = Time resting spent in this place.
 E = Time spent auto-exploring this place.
 F = Levels seen in this place.
 G = Mean time per level.
                   A        B        C        D        E       F      G
               +--------+--------+--------+--------+--------+-----+--------+
         Total |   3141 |   3141 |      0 |   2108 |     23 |   1 | 3141.0 |
       Dungeon |   3141 |   3141 |      0 |   2108 |     23 |   1 | 3141.0 |
               +--------+--------+--------+--------+--------+-----+--------+

Top non-repeatable levels by time:
       D: 3141 daAuts
